 Dungeon Crawl Stone Soup version 0.28.0 (webtiles) character file.

Game seed: 5083663656964475828

117 HallandMoats the Ruffian (level 4, -3/45 HPs)
             Began as a Troll Monk on Feb 7, 2022.
             Was an Elder of Elyvilon.
             Slain by a gnoll (7 damage)
             ... on level 2 of the Dungeon.
             The game lasted 00:03:15 (1401 turns).

HallandMoats the Ruffian (Troll Monk)               Turns: 1401, Time: 00:03:16

Health: -3/45      AC:  4    Str: 19    XL:     4   Next: 71%
Magic:  3/3        EV: 10    Int:  6    God:    Elyvilon [****..]
Gold:   29         SH:  0    Dex: 14    Spells: 3/3 levels left

rFire   . . .      SeeInvis .     - Unarmed
rCold   . . .      Faith    .   (no shield)
rNeg    . . .      Spirit   .   a - +0 robe
rPois   .          Reflect  .   (helmet restricted)
rElec   .          Harm     .   (no cloak)
rCorr   .          Rampage  .   (gloves unavailable)
Will    .....                   (boots unavailable)
Stlth   ++........              (no amulet)
HPRegen 0.95/turn               (no ring)
MPRegen 0.08/turn               (no ring)

@: no status effects
A: large, unfitting armour, claws 3, regeneration 1, shaggy fur 1, tough skin 1
a: Renounce Religion, Purification, Heal Other, Heal Self


You were on level 2 of the Dungeon.
You worshipped Elyvilon.
Elyvilon was greatly pleased with you.
You visited 1 branch of the dungeon, and saw 2 of its levels.

You collected 29 gold pieces.

Inventory:

Armour
 a - a +0 robe (worn)
Scrolls
 c - a scroll of blinking {unknown}
Potions
 b - a potion of might {unknown}
 d - a potion of ambrosia {unknown}


   Skills:
 + Level 3.2 Fighting
 + Level 3.2 Dodging
 - Level 1.0 Stealth
 + Level 4.0 Unarmed Combat


You had 3 spell levels left.
You didn't know any spells.
Your spell library contained the following spells:

 Spells                   Type           Power      Damage    Failure   Level
 Summon Small Mammal      Summ           0%         N/A       45%         1
 Call Canine Familiar     Summ           0%         N/A       83%         3
 Summon Guardian Golem    Hex/Summ       0%         N/A       83%         3


Dungeon Overview and Level Annotations

Branches:
Dungeon (2/15)

Altars:
Elyvilon

Shops:
D:1 (   D:2 *


Innate Abilities, Weirdness & Mutations

You are too large for most types of armour.
You have claws for hands.
Your natural rate of healing is unusually fast.
You are covered in fur. (AC +1)
You have tough skin. (AC +1)


Message History

You scratch the gnoll but do no damage. The gnoll barely misses you. x2
You scratch the gnoll but do no damage. The gnoll closely misses you.
The gnoll hits you with a +0 halberd.
You scratch the gnoll.
The gnoll is moderately wounded.
The gnoll hits you with a +0 club.
The gnoll hits you from afar with a +0 spear.
The gnoll closely misses you. x2
You scratch the gnoll.
The gnoll is severely wounded.
The gnoll barely misses you.
The gnoll hits you from afar with a +0 spear.
The gnoll closely misses you. The gnoll hits you with a +0 halberd!
You scratch the gnoll.
The gnoll is almost dead.
The gnoll completely misses you. The gnoll hits you but does no damage.
The gnoll barely misses you. x2
The gnoll hits you from afar with a +0 halberd.
You closely miss the gnoll. You claw the gnoll.
The gnoll is moderately wounded.
The gnoll barely misses you.
You claw the gnoll!
You kill the gnoll!
The gnoll barely misses you. The gnoll hits you with a +0 spear.
Things that are here:
a +0 club; a gnoll corpse You barely miss the gnoll.
The gnoll barely misses you.
You scratch the gnoll.
The gnoll is moderately wounded.
The gnoll hits you from afar with a +0 halberd!
* * * LOW HITPOINT WARNING * * *
You claw the gnoll!
You kill the gnoll!
The gnoll hits you but does no damage.
The gnoll hits you from afar with a +0 spear.
* * * LOW HITPOINT WARNING * * *
Your Unarmed Combat skill increases to level 4!
The gnoll hits you with a +0 halberd!
You die...

#........#..#..#.# .#
#........#.......##.#
#........#.....#.....#
######........#.....#..####
#.....#######.#.....#..###
#.....# #.##.#.....#.#
#.....# #.##.#.>...#.#
#.....### #.##g##.#....#
..†.....# #.##@##g#.##.#
#.....#.# #.##.)..#..#.#
......#.# #.##########.#
#####.#.# #.# #.......#
#.....# #.####.#######
#.#.### #......# #.#...#
######## #.###.# #.....#


You could see a gnoll.

Vanquished Creatures
  5 gnolls
  2 adders
  A worm (D:2)
  2 dart slugs
  4 bats
  2 endoplasms
  3 giant cockroaches
  5 goblins
  A hobgoblin (D:2)
  4 jackals (D:1)
  3 kobolds
  3 quokkas
  4 ball pythons
  2 frilled lizards
  3 rats (D:2)
44 creatures vanquished.

Vanquished Creatures (others)
  A fungus (D:1)
1 creature vanquished.

Grand Total: 45 creatures vanquished

Notes
Turn   | Place    | Note
-------+----------+-------------------------------------------
     0 | D:1      | HallandMoats the Troll Monk began the quest for the Orb.
     0 | D:1      | Reached XP level 1. HP: 22/22 MP: 0/0
    86 | D:1      | Reached XP level 2. HP: 29/29 MP: 1/1
   105 | D:1      | Found a faded altar of an unknown god.
   115 | D:1      | Prayed at the altar of an unknown god.
   115 | D:1      | Became a worshipper of Elyvilon the Healer
   115 | D:1      | Reached * piety under Elyvilon
   115 | D:1      | Reached ** piety under Elyvilon
   144 | D:1      | Found Xottut's Antique Weapon Emporium.
   170 | D:1      | Reached *** piety under Elyvilon
   783 | D:2      | Reached XP level 3. HP: 36/36 MP: 2/2
   997 | D:2      | Reached **** piety under Elyvilon
  1124 | D:1      | Reached XP level 4. HP: 43/45 MP: 3/3
  1231 | D:2      | Found Cuarr's Assorted Antiques.
  1258 | D:2      | Identified the +0 pair of boots of the Scribe {rPois rN+
                  | Dex-3 Stlth+}
  1401 | D:2      | Reached skill level 4 in Unarmed Combat
  1401 | D:2      | Slain by a gnoll

Illustrated notes

Levels and vault maps discovered:
D:1:      tarquinn_simple_flora_water_f, layout_loops_ring,
          chequers_ecumenical_altar_simple, serial_shops, shop
D:2:      layout_basic, serial_shops, shop, minmay_distorted

Skill      XL: |  1  2  3  4 |
---------------+-------------+-----
Fighting       | 3 |  3.2
Dodging        | 3 |  3.2
Unarmed Combat | 4 |  4.0
Stealth        | |  1.0

Action                   |  1- 3 |  4- 6 || total
-------------------------+-------+-------++-------
Melee: Unarmed           |    94 |    35 ||   129
       Punch             |     2 |     4 ||     6
 Stab: Sleeping          |     5 |       ||     5
Armor: Robe              |    38 |     8 ||    46
Dodge: Dodged            |    70 |    23 ||    93
